AoeStats
← saschauli

Glade

510706290Analyzed
1v1 RM · 1d ago on Oct 2, 2026· 49m 49s· 2 players
Game mode
Random Map
Map size
Tiny (2 player)
Population
200
Speed
Normal
Resources
Standard
Victory
Conquest
Starting age
Dark Age
Ending age
Imperial Age
RankedLock teamsTeams togetherTeam positionsShared explorationLock speedFull tech treeHidden civsTurbo modeCheats
Victory
Defeat
🇭🇳 Wei · Honduras
916
+16
🇩🇪 Celts · Germany
914
-16
saschauli
6:19 Loom
12:16 Feudal Age
13:27 Horse Collar
14:10 Double-Bit Axe
16:56 Man-at-Arms
17:40 Scale Mail Armor
18:40 Forging
22:48 Castle Age
21:07 Stone Mining
26:26 Fletching
28:52 Bow Saw
29:51 Heavy Plow
30:58 Gold Mining
34:49 Imperial Age
34:06 Chain Mail Armor
34:55 Gold Shaft Mining
35:09 Iron Casting
35:59 Conscription
36:50 Wheelbarrow
42:19 Hand Cart
47:08 Pikeman
TuGanzo
3:16 Loom
12:26 Feudal Age
13:12 Double-Bit Axe
15:09 Fletching
21:02 Castle Age
20:10 Gold Mining
20:41 Horse Collar
21:17 Padded Archer Armor
22:11 Bow Saw
23:06 Bodkin Arrow
23:28 Leather Archer Armor
22:42 Crossbowman
25:09 Gold Shaft Mining
24:26 Stone Mining
29:15 Wheelbarrow
31:39 Imperial Age
30:11 Thumb Ring
31:38 Scale Barding Armor
33:54 Heavy Plow
36:13 Chain Barding Armor
38:42 Forging
40:47 Iron Casting
41:12 Bracer
42:04 Stone Shaft Mining
41:59 Conscription
42:08 Elite Tiger Cavalry
44:26 Hand Cart
48:43 Chemistry
Connection lost

Rejoining the realm…

Still unreachable

The connection could not be restored.

Session expired

The server has moved on; the page needs a fresh start.